 Dungeon Crawl Stone Soup version 0.17-a0-1129-g5854844 (webtiles) character file.

795 nuthulu the Skirmisher (level 7, -3/63 HPs)
             Began as a Hill Orc Berserker on May 24, 2015.
             Was a Priest of Trog.
             Slain by a mummy (13 damage)
             ... in an ossuary.
             The game lasted 00:20:42 (4386 turns).

nuthulu the Skirmisher (Hill Orc Berserker)         Turns: 4386, Time: 00:20:43

Health: -3/63      AC: 16    Str: 21    XL:     7   Next: 89%
Magic:  7/7        EV:  5    Int:  7    God:    Trog [***...]
Gold:   141        SH:  0    Dex: 11    Spells: 0 memorised, 6 levels left

rFire  . . .     SeeInvis .     a - +2 mace
rCold  . . .     Clarity  .     v - +3 chain mail
rNeg   . . .     SustAt   .     (no shield)
rPois  .         Gourm    .     (no helmet)
rElec  .         Spirit   .     i - +1 cloak
rCorr  .         Warding  .     x - +0 pair of gloves (curse)
rMut   .         Stasis   .     (no boots)
MR     .....                    (no amulet)
Stlth  ..........               (no ring)
                                (no ring)

@: exhausted, held, slowed, invisible, very slow, not resistant to hostile
enchantments, extremely unstealthy
A: no striking features
a: Burn Spellbooks, Berserk, Trog's Hand, Renounce Religion


You were in an ossuary.
You worshipped Trog.
Trog was most pleased with you.
You were not hungry.

You visited 1 branch of the dungeon, and saw 5 of its levels.
You also visited: Sewer and Ossuary.

You collected 141 gold pieces.

Inventory:

Hand weapons
 a - a +2 mace (weapon)
 e - a +0 blowgun
 p - a +0 whip
 u - a cursed -3 dagger
Missiles
 m - 30 poisoned needles
 o - 2 curare-tipped needles
Armour
 b - a +0 animal skin
 i - a +1 cloak (worn)
 j - a +0 robe
 k - a +0 leather armour
 v - a +3 chain mail (worn)
 x - a cursed +0 pair of gloves (worn)
Magical devices
 w - a wand of teleportation (0)
Scrolls
 f - 4 scrolls of remove curse
 g - a scroll of enchant armour
 s - 4 scrolls of teleportation
 t - a scroll of fear
Potions
 h - a potion of haste
 r - 4 potions of flight
Comestibles
 c - a bread ration
 d - 2 meat rations
 l - 2 beef jerkies


   Skills:
 * Level 6.2 Fighting
 * Level 6.2 Maces & Flails
 * Level 4.6 Armour
 - Level 3.6 Dodging
 - Level 0.1 Stealth


You had 6 spell levels left.
You didn't know any spells.

Dungeon Overview and Level Annotations

Branches:
Dungeon (5/15)
 Temple: D:4-7

Altars:
Makhleb
Nemelex Xobeh
Ru
The Shining One


Message History

You hit the mummy.
The mummy is severely damaged.
The mummy barely misses you. The mummy hits you. The mummy barely misses you.
You hit the mummy.
The mummy is almost destroyed.
The mummy hits you. The mummy closely misses you. The mummy hits you.
Use which ability? (? or * to list) You're too exhausted to go berserk.
You found a net trap!
A large net falls onto you!
You become entangled in the net!
You see here a throwing net.
You struggle against the net.
The mummy hits you!
You tear a large gash into the net.
The mummy hits you but does no damage. The mummy hits you!
* * * LOW HITPOINT WARNING * * *
Unknown command.
Drink which item? (? for menu, Esc to quit)
You fade into invisibility!
The mummy hits you!
You die...

#########
###......M#+#+#+#+
##........M@.......
#.........M........
#.....∩.∩..^.......
#..................
##......^..........
###.......#+#+#+#+
#########


You could see 3 mummies.

Vanquished Creatures
  The ghost of DEFE the Zephyrmancer, an average TeAE (D:3)
  An ogre (D:3)
  A scorpion (D:4)
  A jelly (D:5)
  An orc priest (D:5)
  A giant frog skeleton (D:4)
  4 hounds
  An iguana (D:4)
  An orc wizard (D:5)
  A worker ant (D:5)
  7 gnolls (D:4)
  7 adders
  2 oozes (Sewer)
  An adder skeleton (D:4)
  3 worms
  13 orcs
  8 bats
  3 giant cockroaches
  7 goblins
  9 hobgoblins
  10 jackals
  8 kobolds
  6 quokkas
  3 ball pythons
  A ball python skeleton (D:4)
  2 giant geckos
  A giant gecko zombie (D:4)
  A giant newt (D:3)
  A quokka skeleton (D:4)
  8 rats
114 creatures vanquished.

Notes
Turn   | Place    | Note
--------------------------------------------------------------
     0 | D:1      | nuthulu the Hill Orc Berserker began the quest for the Orb.
     0 | D:1      | Reached XP level 1. HP: 19/19 MP: 1/1
   423 | D:1      | Reached XP level 2. HP: 16/27 MP: 2/2
  1065 | D:2      | Reached XP level 3. HP: 29/33 MP: 3/3
  1256 | D:2      | Reached skill level 4 in Fighting
  1274 | D:2      | Found a glowing golden altar of the Shining One.
  1275 | D:2      | Found a burning altar of Makhleb.
  1494 | D:3      | Noticed an ogre
  1502 | D:3      | Killed an ogre
  1502 | D:3      | Acquired Trog's second power
  1502 | D:3      | Reached XP level 4. HP: 32/41 MP: 4/4
  1502 | D:3      | Reached XP level 5. HP: 36/47 MP: 5/5
  1696 | D:3      | Noticed DEFE's ghost (average TeAE)
  1711 | D:3      | Killed DEFE's ghost
  1711 | D:3      | Reached XP level 6. HP: 55/55 MP: 6/6
  1789 | D:3      | Reached skill level 5 in Fighting
  1838 | D:3      | Found a glowing drain.
  1849 | Sewer    | Entered a sewer
  1855 | Sewer    | Reached skill level 5 in Maces & Flails
  2649 | D:3      | Found a burning altar of Makhleb.
  3083 | D:4      | Reached XP level 7. HP: 44/61 MP: 7/7
  3351 | D:4      | Found a sacrificial altar of Ru.
  3360 | D:4      | Found a sparkling altar of Nemelex Xobeh.
  4132 | D:5      | Entered Level 5 of the Dungeon
  4198 | D:5      | Reached skill level 6 in Fighting
  4339 | D:5      | Found a sand-covered staircase.
  4367 | Ossuary  | Entered an ossuary
  4386 | Ossuary  | Slain by a mummy

Vault maps used:
D:1:      tarquinn_simple_flora_water_c
D:2:      gammafunk_temple_overflow_pools, nrook_mini_vaults
D:3:      portal_sewer_entry_b, grunt_ministairs_6, bloody_makhleb
D:4:      grunt_temple_overflow_open, corexii_shack
D:5:      nicolae_ossuary_entry_ruins, first_bread, uniq_crazy_yiuf_cottage
Sewer:    sewer_fruit_machine
Ossuary:  ossuary_the_hunt_dpeg

Action                   |  1- 3 |  4- 6 |  7- 9 || total
-------------------------+-------+-------+-------++-------
Melee: Mace              |    83 |   179 |   181 ||   443
Invok: Berserk           |     1 |     3 |     2 ||     6
       Burn Spellbooks   |       |     1 |       ||     1
Evoke: Wand              |       |       |     1 ||     1
  Use: Scroll            |     7 |     6 |     1 ||    14
       Potion            |     4 |     2 |     2 ||     8
  Eat: Chunk             |     1 |       |       ||     1
       Pizza             |     1 |       |       ||     1
       Bread ration      |       |     2 |     1 ||     3
       Meat ration       |       |       |     1 ||     1
       Beef jerky        |       |       |     1 ||     1
